 Dungeon Crawl Stone Soup version 0.30-a0-778-g2ef04afb54 (webtiles) character file.

Game seed: 1430201607248351099

16328 BubbleThief the Fighter (level 12, -9/103 HPs)
             Began as a Demonspawn Necromancer on Feb 16, 2023.
             Was a Believer of Kikubaaqudgha.
             Mangled by a white ugly thing (25 damage)
             ... in an ice cave.
             The game lasted 00:24:25 (12298 turns).

BubbleThief the Fighter (Demonspawn Necromancer)   Turns: 12298, Time: 00:24:25

Health: -9/103     AC:  8    Str:  9    XL:     12   Next: 9%
Magic:  16/16      EV: 17    Int: 16    God:    Kikubaaqudgha [**....]
Gold:   690        SH:  5    Dex: 19    Spells: 9/17 levels left

rFire   . . .      SeeInvis .    w - +3 short sword (drain)
rCold   . . .      Faith    .    (no shield)
rNeg    + . .      Spirit   .    y - +0 steam dragon scales
rPois   +          Reflect  +    (helmet restricted)
rElec   .          Harm     .    (no cloak)
rCorr   .          Rampage  .    (no gloves)
Will    .....                    G - +2 pair of boots {Fly}
Stlth   ++                       t - amulet of reflection
HPRegen 0.37/turn                u - ring of poison resistance
MPRegen 0.15/turn                C - ring of positive energy

@: flying
A: horns 1, powered by pain 2, spiny 2, weakness stinger 1, demonic touch 2
a: Renounce Religion, Unearth Wretches


You were in an ice cave.
You worshipped Kikubaaqudgha.
Kikubaaqudgha was pleased with you.
You visited 3 branches of the dungeon, and saw 13 of its levels.
You also visited: Bailey and Ice Cave.

You collected 690 gold pieces.

Inventory:

Hand Weapons
 k - the +5 dagger of Gluttony {heavy, *Noise rElec rN+++ SInv}
   (You found it on level 10 of the Dungeon)

   rElec:     It insulates you from electricity.
   rN:        It renders you almost immune to negative energy.
   SInv:      It lets you see invisible.
   *Noise:    It may make noises in combat.
 w - a +3 short sword of draining (weapon)
Missiles
 D - a throwing net
Armour
 y - +0 steam dragon scales (worn)
 z - a +1 ring mail of poison resistance
 E - a +1 robe of cold resistance
 G - a +2 pair of boots of flying (worn)
 N - a +1 scale mail of cold resistance
Jewellery
 s - a +6 ring of intelligence
 t - an amulet of reflection (around neck)
 u - a ring of poison resistance (left hand)
 C - a ring of positive energy (right hand)
 K - an amulet of the acrobat
 L - a ring of magical power
Wands
 a - a wand of mindburst (10)
 o - a wand of iceblast (16)
 A - a wand of charming (2)
 F - a wand of quicksilver (3)
 I - a wand of digging (2)
 M - a wand of flame (6)
Scrolls
 c - 2 scrolls of immolation
 e - a scroll of amnesia
 f - 2 scrolls of identify
 h - 3 scrolls of magic mapping
 l - 2 scrolls of enchant weapon
 m - 6 scrolls of teleportation
Potions
 b - a potion of magic
 d - 4 potions of attraction
 g - a potion of brilliance {unknown}
 i - a potion of resistance
 j - 5 potions of curing
 n - 5 potions of lignification
 p - 5 potions of heal wounds
 q - 2 potions of mutation
 r - a potion of berserk rage {unknown}
 v - a potion of invisibility {unknown}
 x - a potion of might {unknown}
 B - a potion of ambrosia {unknown}
 H - a potion of cancellation {unknown}
 J - a potion of flight


   Skills:
 + Level 12.6 Fighting
 + Level 11.1 Short Blades
 + Level 7.6 Dodging
 - Level 1.7 Stealth
 - Level 3.2 Spellcasting
 - Level 6.3 Necromancy


You had 9 spell levels left.
You knew the following spells:

 Your Spells              Type           Power      Damage    Failure   Level
a - Necrotise             Necr           88%        1d8       1%          1
b - Vampiric Draining     Necr           22%        2d7       4%          3
c - Animate Dead          Necr           22%        N/A       14%         4

Your spell library contained the following spells:

 Spells                   Type           Power      Damage    Failure   Level
 Sublimation of Blood     Necr           22%        N/A       1%          2
 Cigotuvi's Dreadful Rot  Necr/Pois/Air  18%        N/A       12%         2
 Ensorcelled Hibernation  Hex/Ice        4%         N/A       28%         2
 Passwall                 Tmut/Erth      1%         N/A       28%         2
 Agony                    Necr           22%        N/A       36%         5
 Summon Guardian Golem    Hex/Summ       2%         N/A       50%         3
 Swiftness                Air            2%         N/A       50%         3
 Fireball                 Conj/Fire      1%         3d3       99%         5
 Iskenderun's Battlesphe  Conj           2%         2d6       99%         5
 Conjure Ball Lightning   Conj/Air       1%         3x3d6     100%        6
 Orb of Destruction       Conj           1%         9d5       100%        7
 Spellforged Servitor     Conj/Summ      1%         N/A       100%        7


Dungeon Overview and Level Annotations

Branches:
Dungeon (10/15)            Temple (1/1) D:6            Lair (2/5) D:10
  Swamp (0/4) Lair:2       Spider (0/4) Lair:2          Orc (0/2) D:10
 Bailey (visited)           IceCv (1/1)

Altars:
Cheibriados
Fedhas
Gozag
Hepliaklqana
Kikubaaqudgha
Makhleb
Nemelex Xobeh
Qazlal
Ru
Sif Muna
Uskayaw
Vehumet
Wu Jian
Xom

Shops:
D:9 (

Annotations:
D:10 2 transporters, osoart's ghost, journeyman DjFE
Lair:2 3 runed translucent doors, Cattocvo's ghost, journeyman VSWr; Xafehurue's ghost, journeyman NaVM; bande's ghost, journeyman GrFi; jejorda2's ghost, journeyman MfBe; kingofthe's ghost, journeyman OpCj IceCv exclusion: 2 ice statues


Innate Abilities, Weirdness & Mutations

You have a pair of small horns on your head.
You sometimes gain power by taking damage.
You are mostly covered in sharp spines.
You have a small tail.
Your touch may inflict irresistible damage on your foes.


Message History

You see here a +1 scale mail of cold resistance.
There is a transporter landing site here.
Press: ? - help, v - describe, . - travel, g - get item Item here: a flail.
The floor.
You see here a +1 scale mail of cold resistance.
You see here a +1 scale mail of cold resistance.
N - a +1 scale mail of cold resistance
There is a transporter landing site here.
There is a transporter here.
You enter the transporter and appear at another place.
The white ugly thing is struck by your spines.
The white ugly thing barely misses you. The ice statue gestures at you.
The freezing blast engulfs you!
You are engulfed in freezing vapours.
The white ugly thing is engulfed in freezing vapours.
The white ugly thing attacks as you move away!
The white ugly thing tail-slaps you but does no damage.
The white ugly thing is engulfed in freezing vapours.
The ice statue gestures.
The white ugly thing attacks as you move away!
The white ugly thing tail-slaps you! The white ugly thing freezes you!!
The white ugly thing is engulfed in freezing vapours.
You block the ice beast's attack.
The ice statue gestures.
The ice statue gestures.
The ice beast hits you. The ice beast freezes you!
* * * LOW HITPOINT WARNING * * *
There is a transporter here.
You enter the transporter and appear at another place.
You hit the white ugly thing. You drain the white ugly thing.
You headbutt the white ugly thing, but do no damage.
You tail-slap the white ugly thing.
You touch the white ugly thing!
The white ugly thing is severely wounded.
The white ugly thing tail-slaps you!
* * * LOW HITPOINT WARNING * * *
The white ugly thing freezes you!!
You die...
Kikubaaqudgha rasps: "You have failed me!
Welcome... death!"

##### ### ####...### #.∩#
##........####8..#
##..........##8...#
##...........#8...8#
#.......8....#Y....#
######...........8#...()#
...†..∩∩......).@©#©..[?#
######.........u.8#○..?)#
#.......8....#.....#
##...........#8...8#
##..........##8YY.#
##........####8..#
####...### ##.§# #####
####


You could see 2 ice statues, a white ugly thing (drained) and 3 ice beasts.

Vanquished Creatures
  A hydra (Lair:1)
  A two-headed ogre (D:10)
  A death yak (Lair:1)
  An ugly thing (IceCv)
  A torpor snail (Lair:1)
  2 cane toads (Lair:1)
  3 komodo dragons (Lair:1)
  4 rime drakes
  A troll (D:10)
  5 blink frogs (Lair:2)
  2 wyverns
  15 yaks
  3 steam dragons
  2 death yak simulacra (IceCv)
  6 water moccasins
  9 orc warriors
  2 sky beasts
  4 black bears
  An ice beast (D:7)
  4 wolves (Lair:1)
  2 ogres
  8 centaurs
  A necrophage (D:7)
  7 bullfrogs
  5 scorpions
  8 wights
  An electric eel (Lair:1)
  2 elephant simulacra (IceCv)
  6 howler monkeys
  3 hounds
  3 jellies
  A gnoll bouda (D:5)
  5 orc priests
  8 iguanas
  5 orc wizards
  A polar bear simulacrum (IceCv)
  7 gnolls (D:5)
  9 adders
  2 shadow imps (D:6)
  3 white imps
  3 dart slugs
  47 orcs
  2 endoplasms
  10 hobgoblins
  3 jackals
  3 quokkas
  7 ball pythons
  6 bats
  2 frilled lizards
  9 goblins
  4 kobolds
  A rat (D:2)
252 creatures vanquished.

Vanquished Creatures (collateral kills)
  A black mamba (Lair:1)
  A cane toad (Lair:1)
  A troll (D:9)
  A hornet (D:9)
  2 yaks
  A wolf (Lair:1)
  A howler monkey (D:9)
  An orc (D:3)
  A ball python (D:2)
  A goblin (D:3)
  A hobgoblin (D:2)
12 creatures vanquished.

Vanquished Creatures (others)
  A rime drake zombie (Lair:1)
  A komodo dragon zombie (Lair:1)
  2 yak zombies
  2 wolf zombies (Lair:1)
  A bullfrog zombie (Lair:1)
  An orc zombie (D:10)
  4 fungi
  6 plants
18 creatures vanquished.

Grand Total: 282 creatures vanquished

Notes
Turn   | Place    | Note
-------+----------+-------------------------------------------
     0 | D:1      | BubbleThief the Demonspawn Necromancer began the quest for
                  | the Orb.
     0 | D:1      | Reached XP level 1. HP: 13/13 MP: 3/3
   330 | D:1      | Found a faded altar of an unknown god.
   468 | D:1      | Discovered your monstrous ancestry.
   468 | D:1      | Gained mutation: You have a pair of small horns on your
                  | head. [demonic ancestry]
   468 | D:1      | Reached XP level 2. HP: 19/19 MP: 1/5
   838 | D:2      | Reached skill level 5 in Necromancy
   962 | D:2      | Gained mutation: You sometimes gain a little power by
                  | taking damage. [demonic ancestry]
   962 | D:2      | Reached XP level 3. HP: 24/24 MP: 0/6
  1132 | D:2      | Identified the +4 robe of Indomitability {+Blink rElec
                  | rCorr Slay-4}
  1974 | D:3      | Found a sparkling altar of Nemelex Xobeh.
  1996 | D:3      | Gained mutation: You are partially covered in sharp spines.
                  | [demonic ancestry]
  1996 | D:3      | Reached XP level 4. HP: 30/30 MP: 6/8
  2351 | D:3      | Found a faded altar of an unknown god.
  2355 | D:3      | Found a burning altar of Makhleb.
  2644 | D:4      | Noticed a scorpion
  2650 | D:4      | Killed a scorpion
  2651 | D:4      | Reached XP level 5. HP: 28/35 MP: 2/9
  3159 | D:4      | Reached skill level 1 in Fighting
  3216 | D:4      | Reached skill level 2 in Fighting
  3505 | D:4      | Noticed a black bear
  3514 | D:4      | Killed a black bear
  3515 | D:4      | Reached skill level 3 in Fighting
  3515 | D:4      | Gained mutation: You have a small tail. [demonic ancestry]
  3515 | D:4      | Reached XP level 6. HP: 24/47 MP: 3/10
  3758 | D:5      | Entered Level 5 of the Dungeon
  3808 | D:5      | Reached skill level 4 in Fighting
  3923 | D:5      | Learned a level 3 spell: Vampiric Draining
  3928 | D:5      | Learned a level 4 spell: Animate Dead
  3994 | D:5      | Reached skill level 5 in Fighting
  3994 | D:5      | Gained mutation: You sometimes gain power by taking damage.
                  | [demonic ancestry]
  3994 | D:5      | Reached XP level 7. HP: 23/56 MP: 0/11
  4252 | D:5      | Found a sacrificial altar of Ru.
  4423 | D:5      | Reached skill level 6 in Fighting
  4611 | D:5      | Reached skill level 7 in Fighting
  4659 | D:5      | Gained mutation: Your touch may inflict minor irresistible
                  | damage on your foes. [demonic ancestry]
  4659 | D:5      | Reached XP level 8. HP: 26/68 MP: 5/12
  4800 | D:5      | Reached skill level 1 in Short Blades
  4887 | D:5      | Reached skill level 8 in Fighting
  5432 | D:6      | Found a blossoming altar of Fedhas.
  5531 | D:6      | Found a snail-covered altar of Cheibriados.
  6102 | D:6      | Identified the ring "Lereanas" {Ice Dex+5}
  6189 | D:6      | Reached skill level 5 in Short Blades
  6211 | D:6      | Gained mutation: You are mostly covered in sharp spines.
                  | [demonic ancestry]
  6211 | D:6      | Reached XP level 9. HP: 72/75 MP: 13/13
  6349 | D:6      | Found a staircase to the Ecumenical Temple.
  6751 | D:7      | Reached skill level 9 in Fighting
  7867 | D:8      | Found a flagged portal.
  7892 | Bailey   | Entered a bailey
  8063 | Bailey   | Reached skill level 10 in Fighting
  8209 | Bailey   | Reached XP level 10. HP: 62/85 MP: 14/14
  8414 | D:8      | Found an opulent altar of Gozag.
  8886 | D:9      | Found a hazy altar of Hepliaklqana.
  9032 | Temple   | Entered the Ecumenical Temple
  9107 | Temple   | Became a worshipper of Kikubaaqudgha
  9366 | D:9      | Found Legrax's Weapon Shoppe.
  9595 | D:9      | Found a shimmering altar of Xom.
  9595 | D:9      | Found a shimmering altar of Xom.
  9595 | D:9      | Found a shimmering altar of Xom.
  9596 | D:9      | Found a shimmering altar of Xom.
  9597 | D:9      | Found a shimmering altar of Xom.
  9597 | D:9      | Found a shimmering altar of Xom.
  9598 | D:9      | Found a shimmering altar of Xom.
  9853 | D:10     | Entered Level 10 of the Dungeon
  9862 | D:10     | Noticed a two-headed ogre
  9877 | D:10     | Reached skill level 11 in Fighting
  9877 | D:10     | Reached * piety under Kikubaaqudgha
  9877 | D:10     | Received a gift from Kikubaaqudgha
 10063 | D:10     | Found a staircase to the Orcish Mines.
 10079 | D:10     | Killed a two-headed ogre
 10080 | D:10     | Reached skill level 5 in Dodging
 10080 | D:10     | Reached XP level 11. HP: 72/93 MP: 15/15
 10214 | D:10     | Found a staircase to the Lair.
 10216 | D:10     | Identified the +5 dagger of Gluttony {heavy, *Noise rElec
                  | rN+++ SInv}
 10337 | D:10     | Identified the +2 short sword of Setogeso {drain, rCorr}
 10365 | D:10     | Found a transporter.
 10381 | D:10     | Noticed osoart's ghost (journeyman DjFE)
 10438 | D:10     | Found a transporter.
 10476 | D:10     | Found a stormy altar of Qazlal.
 10679 | Lair:1   | Entered Level 1 of the Lair of Beasts
 10708 | Lair:1   | Reached skill level 10 in Short Blades
 11085 | Lair:1   | Noticed a death yak
 11110 | Lair:1   | Killed a death yak
 11111 | Lair:1   | Reached skill level 12 in Fighting
 11187 | Lair:1   | Reached ** piety under Kikubaaqudgha
 11475 | Lair:1   | Noticed an eight-headed hydra
 11491 | Lair:1   | Killed an eight-headed hydra
 11938 | Lair:2   | Found a runed translucent gate.
 11938 | Lair:2   | Found a runed translucent gate.
 11938 | Lair:2   | Found a runed translucent gate.
 11940 | Lair:2   | Noticed jejorda2's ghost (journeyman MfBe)
 11940 | Lair:2   | Noticed Xafehurue's ghost (journeyman NaVM)
 11960 | Lair:2   | Noticed Cattocvo's ghost (journeyman VSWr)
 11966 | Lair:2   | Noticed bande's ghost (journeyman GrFi)
 11967 | Lair:2   | Noticed kingofthe's ghost (journeyman OpCj)
 11976 | Lair:2   | Found a frozen archway.
 11989 | Lair:2   | Gained mutation: Your touch may inflict irresistible damage
                  | on your foes. [demonic ancestry]
 11989 | Lair:2   | Reached XP level 12. HP: 65/103 MP: 16/16
 12129 | IceCv    | Entered an ice cave
 12211 | IceCv    | Found a transporter.
 12272 | IceCv    | Found a transporter.
 12298 | IceCv    | Mangled by a white ugly thing

Illustrated notes

Levels and vault maps discovered:
D:1:      amcnicky_arrival_double_pillar, layout_loops_cross,
          basic_ecumenical_altar
D:2:      layout_rooms
D:3:      layout_basic, nicolae_overflow_ecumenical_swirl,
          mainiacjoe_overflow_concentric_impassable, minmay_close_crescents
D:4:      layout_basic
D:5:      minmay_octagon_keep, layout_loops_ring, kennysheep_mini_moat
D:6:      layout_loops_ring, fedhas_ov_isle_minmay, kennysheep_slug_shrine,
          mainiacjoe_overflow_24_doors, minmay_temple_entry_from_below_a
D:7:      layout_loops_corners
D:8:      layout_cave_pools, mainiacjoe_overflow_catwalk, enter_bailey_1
D:9:      layout_cave_pools, nicolae_overflow_hidden_temple, xom_shifter_show,
          serial_shops, nicolae_shop_statue_plus
D:10:     layout_cave_pools, nicolae_qazlal_eye_of_the_storm, lair_entry_dummy,
          orc_0_dummy, gammafunk_ghost_stat_death
Temple:   nicolae_temple_slightly_damp_pantheon
Lair:1:   layout_loops_ring, infiniplex_staircase_pool, grunt_megastairs_4
Lair:2:   statuecave_lemuel, layout_gridlike, swamp_mist, spider_nest_entry_a,
          portal_ice_cave_rime, gammafunk_ghost_cemetery
IceCv:    ice_cave_statue_garden_transporter

Skill      XL: |  1  2  3  4  5  6  7  8  9 10 11 |
---------------+----------------------------------+-----
Necromancy     | 5 6 |  6.3
Spellcasting   | 3 |  3.2
Fighting       | 3 5 7 8 10 11 12 | 12.6
Short Blades   | 5 8 9 11 | 11.1
Dodging        | 2 5 7 |  7.6
Stealth        | |  1.7

Action                     |  1- 3 |  4- 6 |  7- 9 | 10-12 || total
---------------------------+-------+-------+-------+-------++-------
  Melee: Unarmed           |     9 |       |       |       ||     9
         Headbutt          |     3 |     1 |    38 |    82 ||   124
         Spear             |    10 |     2 |       |       ||    12
         Short sword       |       |     5 |   153 |   305 ||   463
         Tailslap          |       |       |    35 |    56 ||    91
         Punch             |       |       |     5 |     5 ||    10
         Touch             |       |       |    23 |    56 ||    79
   Cast: Necrotise         |    60 |    88 |    92 |    16 ||   256
         Vampiric Draining |       |     2 |    19 |     2 ||    23
         Animate Dead      |       |       |       |     7 ||     7
  Evoke: Wand              |       |       |       |     6 ||     6
    Use: Scroll            |       |       |       |    18 ||    18
         Potion            |       |       |       |     1 ||     1
   Stab: Sleeping          |       |     1 |     3 |     1 ||     5
         Distracted        |       |       |       |     2 ||     2
 Armour: Robe              |     6 |     4 |    17 |     6 ||    33
         Steam dragon scal |       |       |       |    30 ||    30
  Dodge: Dodged            |    26 |    12 |    59 |   135 ||   232
  Block: Other             |       |     9 |    37 |    51 ||    97
         Reflection        |       |     1 |     2 |     5 ||     8

Table legend: (Time is in decaauts)
 A = Elapsed time spent in this place.
 B = Non-inter-level travel time spent in this place.
 C = Inter-level travel time spent in this place.
 D = Time resting spent in this place.
 E = Time spent auto-exploring this place.
 F = Levels seen in this place.
 G = Mean time per level.
                   A        B        C        D        E       F      G
               +--------+--------+--------+--------+--------+-----+--------+
         Total |  12127 |  11604 |    523 |    730 |   9046 |  15 |  808.5 |
       Dungeon |   9982 |   9520 |    462 |    544 |   7625 |  10 |  998.2 |
        Temple |     94 |     76 |     18 |      0 |     67 |   1 |   94.0 |
          Lair |   1385 |   1342 |     43 |    131 |    979 |   2 |  692.5 |
        Bailey |    510 |    510 |      0 |      0 |    375 |   1 |  510.0 |
      Ice Cave |    153 |    153 |      0 |     55 |      0 |   1 |  153.0 |
               +--------+--------+--------+--------+--------+-----+--------+

Top non-repeatable levels by time:
     D:5: 1393 daAuts
     D:6: 1336 daAuts
     D:4: 1307 daAuts
  Lair:1: 1195 daAuts
     D:7: 1190 daAuts
     D:3: 1178 daAuts
     D:9: 901 daAuts
     D:1: 792 daAuts
     D:8: 661 daAuts
    D:10: 616 daAuts
     D:2: 605 daAuts
  Bailey: 510 daAuts
  Lair:2: 190 daAuts
   IceCv: 153 daAuts
  Temple: 94 daAuts
